AoeStats
← Valtern

Four Lakes

509589930Analyzed
1v1 RM · 6d ago on Sep 27, 2026· 20m 28s· 2 players
Game mode
Random Map
Map size
Tiny (2 player)
Population
200
Speed
Normal
Resources
Standard
Victory
Conquest
Starting age
Dark Age
Ending age
Imperial Age
RankedLock teamsTeams togetherTeam positionsShared explorationLock speedFull tech treeHidden civsTurbo modeCheats
Victory
Defeat
🇦🇹 Danes · Austria
912
+15
🇪🇸 Burgundians · Spain
889
-15
Valtern
6:50 Double-Bit Axe
12:43 Feudal Age
12:09 Fishing Lines
13:25 Loom
17:34 Castle Age
17:56 Cavalier
18:39 Husbandry
Xicht
5:21 Loom
10:31 Feudal Age
12:02 Man-at-Arms
12:30 Arson
13:20 Scale Mail Armor
13:31 Forging
14:57 Double-Bit Axe
Connection lost

Rejoining the realm…

Still unreachable

The connection could not be restored.

Session expired

The server has moved on; the page needs a fresh start.